 Dungeon Sprint DCSS version 0.28-a0-79-g444c7a33f5 (webtiles) character file.

Game seed: 4512391440667996016

5 Zeldest the Slasher (level 1, -13/16 HPs)
             Began as a Vine Stalker Gladiator on Aug 2, 2021.
             Mangled by an ogre (25 damage)
             ... in the Dungeon (Sprint IX: "|||||||||||||||||||||||||||||").
             The game lasted 00:00:16 (23 turns).

Zeldest the Slasher (Vine Stalker Gladiator)          Turns: 23, Time: 00:00:17

Health: -13/16     AC:  4    Str: 16    XL:     1   Next: 80%
Magic:  0/2        EV: 12    Int:  8    God:
Gold:   0          SH:  0    Dex: 15    Spells: 0/0 levels left

rFire   . . .      SeeInvis .   a - +0 long sword
rCold   . . .      Faith    .   (no shield)
rNeg    . . .      Spirit   +   b - +0 leather armour
rPois   .          Reflect  .   c - +0 helmet
rElec   .          Harm     .   (no cloak)
rCorr   .          Rampage  .   (no gloves)
Will    .....      NoTele   +   (no boots)
Stlth   ..........              (no amulet)
HPRegen 0.05/turn               (no ring)
MPRegen 0.08/turn               (no ring)

@: berserking, hasted, very quick
A: fangs 2, magic shield, antimagic bite, no potion heal 2
a: no special abilities


You were in the Dungeon.
You visited 1 branch

Inventory:

Hand Weapons
 a - a +0 long sword (weapon)
Missiles
 d - 3 throwing nets (quivered)
Armour
 b - a +0 leather armour (worn)
 c - a +0 helmet (worn)
Scrolls
 i - a scroll of blinking
Potions
 e - a potion of curing
 g - 2 potions of magic


   Skills:
 + Level 2.5 Fighting
 + Level 3.2 Long Blades
 - Level 1.7 Throwing
 + Level 2.9 Dodging


You couldn't memorise any spells.
You didn't know any spells.
Your spell library was empty.

Dungeon Overview and Level Annotations

Branches:
Dungeon (1/1)

Altars:


Innate Abilities, Weirdness & Mutations

You have extremely sharp teeth.
When hurt, damage is shared between your health and your magic reserves.
Your bite disrupts and absorbs the magic of your enemies.
Potions cannot restore your health.


Message History

Your Fighting skill increases to level 2!
You hit the hobgoblin.
You kill the hobgoblin!
Your Long Blades skill increases to level 3!
The endoplasm hits you.
There is an open door to the Dungeon here.
Things that are here:
a hobgoblin corpse; a hobgoblin corpse You barely miss the endoplasm.
You bite the endoplasm. You drain its power.
The endoplasm is lightly wounded.
The endoplasm hits you.
The endoplasm hits you but does no damage.
You slash the endoplasm!
You kill the endoplasm!
You hit the kobold.
The kobold is severely wounded.
The kobold hits you but does no damage.
You slash the kobold!
You kill the kobold!
You hit the rat.
You kill the rat!
Items here: ( ) ††.
You feel yourself speed up.
You open the door.
An ice beast, a sky beast, an orc wizard, an ogre and a zombie come into view.
The ogre shouts!
A red film seems to cover your vision as you go berserk!
You feel yourself moving faster!
You feel mighty!
You barely miss the ogre. The ogre closely misses you.
You riposte.
You barely miss the ogre. You bite the ogre! You drain its power.
The ogre is moderately wounded.
You barely miss the ogre. You bite the ogre. You drain its power.
The ogre is heavily wounded.
The sky beast flickers out of sight!
Deactivating autopickup; reactivate with Ctrl-A.
You barely miss the ogre. You bite the ogre! You drain its power.
The ogre is severely wounded.
The ogre hits you with a +0 giant spiked club!!
Ouch! That really hurt!
You die... ▓▓▓▓▓▓▓▓▓▓▓▓▓▓▓▓▓▓ +Y{Z.oO@...)†...<▓ ▓▓▓▓▓▓▓▓▓▓▓▓▓▓▓▓▓▓

You could see an ice beast, an ogre, an orc wizard and a quokka zombie.

Vanquished Creatures
  An endoplasm (D)
  2 hobgoblins (D)
  A kobold (D)
  A rat (D)
5 creatures vanquished.

Notes
Turn   | Place    | Note
-------+----------+-------------------------------------------
     0 | D        | Zeldest the Vine Stalker Gladiator began the quest for the
                  | Orb.
     0 | D        | Reached XP level 1. HP: 11/11 MP: 2/2
     7 | D        | Reached skill level 3 in Long Blades
    19 | D        | Noticed an ice beast
    19 | D        | Noticed a sky beast
    19 | D        | Noticed an orc wizard
    19 | D        | Noticed an ogre
    23 | D        | Mangled by an ogre

Illustrated notes

Levels and vault maps discovered:
D:        linesprint [early_d, line_temple, items_1, d_10, items_2, lair_1,
          lair_end, items_3, orc_1, orc_end, items_4, d_15, swamp_1, shoals_1,
          snake_1, spider_1, d_20, vaults_1, items_5, swamp_end, shoals_end,
          snake_end, spider_end, vaults_end, d_27, items_6, zot_1, zot_end,
          crypt_end, forest_end, elf_end, slime_end, tomb_end, abyss_end,
          pan_hell_end]

Skill      XL: |  1 |
---------------+----+-----
Fighting       | 2 |  2.5
Long Blades    | 3 |  3.2
Throwing       | |  1.7
Dodging        | |  2.9

Action                   || total
-------------------------++-------
Melee: Long sword        ||    11
       Bite              ||     5
  Use: Potion            ||     2
Armor: Leather armour    ||     3
Dodge: Dodged            ||     1
       Rpst.: Long sword ||     1

Table legend: (Time is in decaauts)
 A = Elapsed time spent in this place.
 B = Non-inter-level travel time spent in this place.
 C = Inter-level travel time spent in this place.
 D = Time resting spent in this place.
 E = Time spent auto-exploring this place.
 F = Levels seen in this place.
 G = Mean time per level.
                   A        B        C        D        E       F      G
               +--------+--------+--------+--------+--------+-----+--------+
         Total |     24 |     24 |      0 |      0 |      0 |   1 |   24.0 |
       Dungeon |     24 |     24 |      0 |      0 |      0 |   1 |   24.0 |
               +--------+--------+--------+--------+--------+-----+--------+

Top non-repeatable levels by time:
       D: 24 daAuts
